 Dungeon Crawl Stone Soup version 0.14.1-26-g5a19342 (webtiles) character file.

9569 Konstantin the Charmwright (level 11, -4/90 HPs)
             Began as a Centaur Skald on July 9, 2014.
             Was a Priest of Nemelex Xobeh.
             Killed from afar by an orc wizard (8 damage)
             ... with a magic dart
             ... on Level 1 of the Orcish Mines on July 10, 2014.
             The game lasted 04:31:22 (16470 turns).

Konstantin the Charmwright (Centaur Skald)         Turns: 16470, Time: 04:31:22

HP  -4/90        AC  8     Str 16      XL: 11   Next: 20%
MP   2/21        EV 11     Int 12      God: Nemelex Xobeh [***...]
Gold 304         SH  0     Dex 10      Spells:  8 memorised,  2 levels left

rFire  . . .     SeeInvis .     H - +0 hammer
rCold  . . .     Rnd*Rage +     O - +1 leather armour {MR+}
rNeg   . . .     Conserve .     (no shield)
rPois  .         rCorr    .     l - +0 helmet
rElec  .         rRot     .     F - +0 cloak
SustAb . .       Spirit   .     (no gloves)
rMut   .         Warding  .     (no barding)
Saprov . . .     Stasis   .     (no amulet)
MR     +....                    I - +5,+5 ring of slaying
                                C - ring of wizardry

@: shrouded, very quick, somewhat resistant to hostile enchantments, extremely
unstealthy
A: hooves 3, berserk 1, blurry vision 1, deformed body, deterioration 1,
herbivore 1, speed 2, fast metabolism 1, slow healing 1, tough skin 3
a: Draw One, Peek at Two, Triple Draw, Renounce Religion, Stop Singing


You were on level 1 of the Orcish Mines.
You worshipped Nemelex Xobeh.
Nemelex Xobeh was most pleased with you.
You were very hungry.

You visited 3 branches of the dungeon, and saw 13 of its levels.

You collected 457 gold pieces.
You spent 153 gold pieces at shops.

Inventory:

Hand weapons
 m - a +8,+2 flail of holy wrath
 D - a +3,+0 whip of venom
 H - a +0,+0 hammer (weapon)
Armour
 l - a +0 helmet (worn)
 t - a +0 ring mail of fire resistance
 F - a +0 cloak (worn)
 O - a +1 leather armour of magic resistance (worn)
Magical devices
 G - a wand of enslavement (0)
Comestibles
 d - 5 bread rations
 h - 6 honeycombs
 r - 2 lemons
 w - a chunk of orc flesh
 P - 4 chunks of orc flesh
 R - 4 chunks of orc flesh
 T - 2 chunks of goblin flesh
Scrolls
 b - a scroll of enchant weapon III {unknown}
 i - 3 scrolls of remove curse
 o - a scroll of silence {unknown}
 s - a scroll of enchant armour {unknown}
 v - 2 scrolls of fear
 y - a scroll of immolation
 A - a scroll of blinking {unknown}
 B - a scroll of amnesia {unknown}
 E - a scroll of magic mapping {unknown}
 J - 2 scrolls of identify
 L - a scroll of recharging {unknown}
 N - 2 scrolls of teleportation
Jewellery
 j - an uncursed ring of ice
 z - an uncursed ring of sustain abilities
 C - a ring of wizardry (left hand)
 I - a +5,+5 ring of slaying (right hand)
Potions
 e - 2 potions of haste
 k - 4 potions of agility
 n - 2 potions of brilliance
 p - a potion of berserk rage
 q - 2 potions of restore abilities
 u - a potion of lignification
 x - a potion of invisibility
 M - 3 potions of might
 Q - a potion of porridge
Books
 c - a book of Battle

   Spells                             Type                      Level
   *Infusion                          Charms                       1
   *Shroud of Golubria                Charms/Translocation         2
   *Song of Slaying                   Charms                       2
   *Spectral Weapon                   Hexes/Charms                 3
   *Regeneration                      Charms/Necromancy            3
 K - the Papyrus of Helpful Sinister Magic
   (You found it on level 10 of the Dungeon)

   Spells                             Type                      Level
   Pain                               Necromancy                   1
   *Lethal Infusion                   Charms/Necromancy            2
   *Repel Missiles                    Charms/Air                   2
   Agony                              Necromancy                   5
   Dispel Undead                      Necromancy                   5
 S - a book of the Dragon

   Spells                             Type                      Level
   *Flight                            Charms/Air                   3
   Cause Fear                         Hexes                        4
   Bolt of Fire                       Conjuration/Fire             6
   Dragon Form                        Transmutation                7
   Dragon's Call                      Summoning                    9


   Skills:
 * Level 6.3 Fighting
 * Level 5.8 Maces & Flails
   Level 5.5 Staves
 * Level 4.7 Armour
 * Level 4.9 Dodging
 * Level 5.0 Spellcasting
 * Level 6.6 Charms
 + Level 3.8 Necromancy
 + Level 3.3 Translocations
 + Level 3.6 Evocations


You had 2 spell levels left.
You knew the following spells:

 Your Spells              Type           Power        Failure   Level  Hunger
a - Infusion              Chrm           ###...       1%          1    None
b - Song of Slaying       Chrm           ###.....     1%          2    ##.....
c - Shroud of Golubria    Chrm/Tloc      ###.......   1%          2    ##.....
d - Regeneration          Chrm/Necr      ###.......   4%          3    ###....
e - Spectral Weapon       Hex/Chrm       ##......     7%          3    ###....
f - Flight                Chrm/Air       ##........   7%          3    ###....
g - Lethal Infusion       Chrm/Necr      ###.......   1%          2    ##.....
h - Repel Missiles        Chrm/Air       ##....       4%          2    ##.....


Dungeon Overview and Level Annotations

Branches:
Dungeon (11/15)            Temple (1/1) D:5             Orc (1/4) D:10
   Lair (0/8) D:10

Altars:
Ashenzari
Cheibriados
Dithmenos
Elyvilon
Fedhas
Kikubaaqudgha
Makhleb
Nemelex Xobeh
Okawaru
Sif Muna
Trog
Vehumet
Xom
Yredelemnul
Zin
The Shining One

Shops:
D:4 =   D:6 (!

Annotations:
D:8 Pikel


Innate Abilities, Weirdness & Mutations

You have hooves in place of feet.
Armour fits poorly on your strangely shaped body.
You digest meat inefficiently.
You cover ground very quickly.
You have a fast metabolism.
You have extremely tough skin (AC +3).
[You tend to lose your temper in combat.]
[Your vision is a little blurry.]
[Your body is slowly deteriorating.]
[You heal slowly when monsters are visible.]


Message History

* * * LOW HITPOINT WARNING * * *
The orc hits you with a flail.
* * * LOW HITPOINT WARNING * * *
Drink which item? (? for menu, Esc to quit)
Okay, then.
Drink which item? (? for menu, Esc to quit)
Okay, then.
Quiver which item? (- for none, * to show all) (? for menu, Esc to quit)
Okay, then.
Casting: Song of Slaying
Confirm with . or Enter, or press ? or * to list all spells.
Space distorts slightly along a thin shroud covering your body.
You are feeling very hungry.
Your +0,+0 hammer stops crackling.
Your attacks are no longer magically infused.
The orc priest becomes somewhat translucent.
The orc wizard gestures at you while chanting.
The magic dart hits you!
You die...
Your body glows with a rainbow of weird colours and disappears.

##### ###### ....###....#### ###
# .><........$#.## #####$## ..#
..%)...........####..#...# ....
....)....#.....###(o.)o..# .....
...............o@o#..##()#o....##
...............########.(o.$.....
..........##...### #...)).......
.........###..## #....#.......
...#.#...##...# ......#...#....
.$####...>.#... ...... .... ...
.. ........... #.... ..... .
##.#......... .... ......
####.....##. .#. .>...


You could see an orc warrior, an orc priest, an orc wizard and an orc.

Vanquished Creatures
  Maurice (D:8)
  A gargoyle (D:10)
  A hydra skeleton (D:9)
  A troll (D:10)
  A basilisk (D:9)
  Psyche (D:8)
  A hill giant zombie (D:10)
  A wraith (D:9)
  Eustachio (D:8)
  A wyvern (D:10)
  2 hippogriffs (D:8)
  Grum (D:8)
  4 wolves (D:8)
  2 wargs (D:10)
  A water moccasin (D:5)
  5 ugly things (D:10)
  4 sky beasts
  A spider (D:9)
  An ice beast (D:8)
  3 phantoms
  3 centaurs
  A slave (D:8)
  A black bear (D:6)
  2 crocodiles
  A boring beetle (D:9)
  3 ogres (D:6)
  Duvessa (D:7)
  5 orc warriors
  A brain worm (D:9)
  4 giant frogs
  Blork the orc (D:8)
  4 scorpions
  2 giant goldfish (D:8)
  11 killer bees
  A cyclops skeleton (D:9)
  A yak zombie (D:9)
  An eye of draining (D:9)
  A yellow wasp (D:9)
  3 electric eels (D:8)
  Dowan (D:7)
  5 crimson imps
  2 big fish (D:8)
  2 giant frog skeletons
  2 goliath beetles
  4 jellies
  9 hounds
  Crazy Yiuf (D:5)
  5 orc priests
  A black bear skeleton (D:7)
  12 orc wizards
  6 worker ants
  A statue (D:4)
  2 iguanas
  Ijyb (D:6)
  Jessica (D:2)
  A hound zombie (D:7)
  Terence (D:2)
  2 hound skeletons
  A steam dragon zombie (D:6)
  7 adders
  3 gnolls (D:8)
  2 shadow imps
  5 giant mites
  5 worms
  2 giant eyeballs
  5 giant geckos
  56 orcs
  6 ball pythons
  A bat zombie (D:5)
  4 giant cockroaches
  12 hobgoblins
  4 oozes
  2 quokkas
  12 bats
  6 giant newts
  A giant spore (D:10)
  12 goblins
  14 jackals
  9 kobolds
  An orc skeleton (D:7)
  An orc zombie (D:10)
  15 rats
  A rat zombie (D:7)
  13 ballistomycetes (D:10)
340 creatures vanquished.

Vanquished Creatures (collateral kills)
  An ogre (D:10)
  A crocodile (D:9)
2 creatures vanquished.

Vanquished Creatures (others)
  2 dancing weapons (D:10)
  An ugly thing (D:10)
  A vampire mosquito (D:10)
  A giant frog skeleton (D:10)
  2 spectral weapons
  A jackal (D:1)
  A giant spore (D:10)
  A butterfly (D:10)
  A plant (D:8)
11 creatures vanquished.

Grand Total: 353 creatures vanquished

Notes
Turn   | Place    | Note
--------------------------------------------------------------
     0 | D:1      | Konstantin, the Centaur Skald, began the quest for the Orb.
     0 | D:1      | Reached XP level 1. HP: 17/17 MP: 2/2
   263 | D:1      | Reached XP level 2. HP: 24/24 MP: 3/3
   267 | D:1      | Learned a level 2 spell: Song of Slaying
   569 | D:1      | Reached skill level 1 in Dodging
  1505 | D:2      | Reached skill level 3 in Charms
  1505 | D:2      | Reached XP level 3. HP: 22/29 MP: 0/5
  1509 | D:2      | Learned a level 2 spell: Shroud of Golubria
  1615 | D:2      | Noticed Terence
  1630 | D:2      | Killed Terence
  1630 | D:2      | Reached skill level 1 in Armour
  1881 | D:2      | Noticed Jessica
  1888 | D:2      | Killed Jessica
  1888 | D:2      | Reached XP level 4. HP: 24/37 MP: 0/6
  3142 | D:3      | Reached XP level 5. HP: 40/42 MP: 8/8
  3147 | D:3      | Learned a level 3 spell: Regeneration
  4083 | D:4      | Reached skill level 1 in Evocations
  4533 | D:4      | Found Yluen's Jewellery Emporium.
  4540 | D:4      | Bought a +1 ring of evasion for 33 gold pieces
  4625 | D:4      | Found a radiant altar of Vehumet.
  4646 | D:4      | Reached XP level 6. HP: 49/51 MP: 0/9
  4974 | D:5      | Entered Level 5 of the Dungeon
  5147 | D:5      | Reached skill level 1 in Translocations
  5432 | D:5      | Reached XP level 7. HP: 52/57 MP: 4/10
  5493 | D:5      | Noticed Crazy Yiuf
  5507 | D:5      | Killed Crazy Yiuf
  5507 | D:5      | Reached skill level 1 in Necromancy
  5518 | D:5      | Learned a level 3 spell: Spectral Weapon
  5661 | D:5      | Reached skill level 4 in Charms
  5810 | D:5      | Found a staircase to the Ecumenical Temple.
  5819 | D:5      | Noticed a water moccasin
  5838 | D:5      | Killed a water moccasin
  5838 | D:5      | Reached skill level 1 in Staves
  5907 | Temple   | Entered the Ecumenical Temple
  6177 | D:5      | Found a snail-covered altar of Cheibriados.
  6293 | D:6      | Found Nytagrun's Distillery.
  6511 | D:6      | Bought a potion of brilliance for 25 gold pieces
  6511 | D:6      | Bought a potion of berserk rage for 30 gold pieces
  6511 | D:6      | Bought a potion of might for 25 gold pieces
  6511 | D:6      | Bought a potion of curing for 20 gold pieces
  6511 | D:6      | Bought a potion of lignification for 20 gold pieces
  6551 | D:6      | Reached XP level 8. HP: 64/64 MP: 5/12
  6644 | D:6      | Noticed Ijyb
  6666 | D:6      | Killed Ijyb
  7563 | D:6      | Found Iptoec's Antique Weapon Shoppe.
  7984 | D:7      | Reached XP level 9. HP: 61/72 MP: 16/16
  8482 | D:7      | Noticed Dowan
  8493 | D:7      | Killed Dowan
  8494 | D:7      | Noticed Duvessa
  8497 | D:7      | Killed Duvessa
  8761 | D:7      | Reached skill level 5 in Charms
  8972 | D:7      | Found a sparkling altar of Nemelex Xobeh.
  8980 | D:7      | Became a worshipper of Nemelex Xobeh the Trickster
  9057 | D:7      | Received a gift from Nemelex Xobeh
  9193 | D:6      | Acquired Nemelex Xobeh's first power
  9197 | D:6      | Acquired Nemelex Xobeh's second power
  9266 | D:8      | Noticed Grum
  9270 | D:8      | Noticed Eustachio
  9319 | D:8      | Noticed Pikel
  9805 | D:8      | Reached skill level 5 in Fighting
 10052 | D:8      | Killed Eustachio
 10067 | D:8      | Received a gift from Nemelex Xobeh
 10091 | D:8      | Noticed Blork the orc
 10098 | D:8      | Killed Blork the orc
 10112 | D:8      | Killed Grum
 10309 | D:8      | Reached XP level 10. HP: 61/81 MP: 12/18
 10468 | D:8      | Noticed Psyche
 10911 | D:8      | Killed Psyche
 10911 | D:8      | Reached skill level 5 in Staves
 11344 | D:8      | Noticed Maurice
 11382 | D:8      | Killed Maurice
 11382 | D:8      | Reached skill level 5 in Maces & Flails
 11537 | D:8      | Acquired Nemelex Xobeh's third power
 11597 | D:8      | Found a glowing silver altar of Zin.
 11644 | D:8      | Found a deep blue altar of Sif Muna.
 11877 | D:9      | Paralysed by a giant eyeball for 2 turns
 11925 | D:9      | Reached skill level 6 in Charms
 12888 | D:10     | Entered Level 10 of the Dungeon
 12892 | D:10     | Found a staircase to the Orcish Mines.
 12901 | D:10     | Learned a level 3 spell: Flight
 12905 | D:10     | Found a staircase to the Lair.
 13036 | D:10     | Received a gift from Nemelex Xobeh
 13112 | D:10     | Noticed a wretched star
 13135 | D:10     | Identified the Papyrus of Helpful Sinister Magic (You found it on level 10 of the Dungeon)
 13139 | D:10     | Learned a level 2 spell: Lethal Infusion
 13142 | D:10     | Learned a level 2 spell: Repel Missiles
 13251 | D:10     | Received a gift from Nemelex Xobeh
 14299 | D:10     | Acquired Nemelex Xobeh's fourth power
 15208 | D:10     | Reached XP level 11. HP: 89/89 MP: 14/21
 15285 | D:10     | Reached skill level 5 in Spellcasting
 15713 | D:10     | Received a gift from Nemelex Xobeh
 16240 | Orc:1    | Entered Level 1 of the Orcish Mines
 16456 | Orc:1    | HP: 2/90 [orc warrior/halberd (7)]
 16468 | Orc:1    | HP: 1/90 [orc/flail (4)]
 16470 | Orc:1    | Killed from afar by an orc wizard

Action                   |  1- 3 |  4- 6 |  7- 9 | 10-12 || total
-------------------------+-------+-------+-------+-------++-------
Melee: Mace              |    77 |       |       |       ||    77
       Flail             |    10 |   204 |    24 |    21 ||   259
       Quarterstaff      |       |       |   241 |   111 ||   352
       Whip              |       |       |     2 |    42 ||    44
       Hammer            |       |       |       |   142 ||   142
Throw: Dart              |       |       |     4 |       ||     4
 Cast: Infusion          |     4 |     7 |    18 |    20 ||    49
       Shroud of Golubri |     2 |     6 |    16 |    11 ||    35
       Song of Slaying   |     1 |     2 |     9 |     7 ||    19
       Regeneration      |       |     3 |     5 |    25 ||    33
       Spectral Weapon   |       |       |    13 |    19 ||    32
       Lethal Infusion   |       |       |       |     9 ||     9
       Repel Missiles    |       |       |       |     1 ||     1
Invok: Draw One          |       |       |    12 |    15 ||    27
       Peek at Two       |       |       |     2 |     3 ||     5
       Triple Draw       |       |       |       |     4 ||     4
 Abil: Stop Singing      |       |       |     1 |     1 ||     2
Evoke: Wand              |       |       |     7 |    42 ||    49
  Use: Potion            |     1 |     3 |     3 |     6 ||    13
       Scroll            |     1 |     6 |     4 |     7 ||    18
 Stab: Paralysed         |       |       |     2 |     5 ||     7
       Confused          |       |       |     1 |       ||     1
